Philadelphia Phantoms vs Peoria Rivermen
Created - Monday, July 3, 2023 at 08:11
Goals
|
| Philadelphia Phantoms |
2 |
2 |
0 |
1 |
5 |
| Peoria Rivermen |
1 |
3 |
0 |
0 |
4 |
|
Shots
|
| Philadelphia Phantoms |
14 |
14 |
12 |
4 |
44 |
| Peoria Rivermen |
11 |
20 |
6 |
2 |
39 |
|
1st period
1. Philadelphia Phantoms , Nick Cousins 3 (Blake Lizotte 6, Nathan Bastian 1) at 2:02 (PP)
2. Peoria Rivermen , Ryan Lomberg 1 (Tyler Pitlick 1, Scott Wedgewood) at 7:23 (PP)
3. Philadelphia Phantoms , Blake Lizotte 1 (Nick Cousins 1, Nathan Bastian 2) at 12:02
Penalties :
Grant Mismash (PRM) for Cross-checking (Minor) at 1:11, William Borgen (PHI) for Holding (Minor) at 2:24, Connor Mackey (PRM) for Fighting (Major) at 6:53, Casey Fitzgerald (PHI) for Fighting (Major) at 6:53, Casey Fitzgerald (PHI) for instigated a fight (Minor) at 6:53, Casey Fitzgerald (PHI) for instigated a fight (10 Minutes Misconduct) at 6:53, Nathan Bastian (PHI) for Cross-checking (Minor) at 14:51
2nd period
4. Philadelphia Phantoms , Nathan Bastian 3 (Brad Hunt 1, Nick Cousins 2) at 9:26
5. Peoria Rivermen , Brandon Biro 1 (Nico Sturm 4) at 14:01
6. Peoria Rivermen , Josiah Slavin 2 (Jakob Pelletier 2, Nick Leddy 2) at 16:11
7. Peoria Rivermen , Jesper Froden 2 (Brandon Biro 2) at 17:49
8. Philadelphia Phantoms , Ben McCartney 1 (Tyson Foerster 1, Jack McBain 1) at 19:12
Penalties :
Connor Mackey (PRM) for Tripping (Minor) at 3:04, Ryan Lomberg (PRM) for Fighting (Major) at 9:10, Casey Fitzgerald (PHI) for Fighting (Major) at 9:10, Mason Shaw (PHI) for Tripping (Minor) at 11:55
3rd period
No Goal
Penalties :
Ryan Lomberg (PRM) for Fighting (Major) at 1:59, Jaret Anderson-Dolan (PHI) for Fighting (Major) at 1:59, Josiah Slavin (PRM) for Slashing (Minor) at 2:02, Connor Mackey (PRM) for Hooking (Minor) at 14:19
Overtime #1
9. Philadelphia Phantoms , Jaret Anderson-Dolan 1 (Tyson Foerster 2, Alexander Holtz 2) at 6:01 (PP)
Penalties :
Jalen Chatfield (PRM) for Tripping (Minor) at 1:45, Ryan Lomberg (PRM) for High sticking (Minor) at 5:54
Goalie Stats
Connor Ingram (PHI), 35 saves from 39 shots - (0.897), W, 1-1-1, 66:01 minutes
Scott Wedgewood (PRM), 39 saves from 44 shots - (0.886), OTL, 2-0-1, 66:01 minutes
Players Stats for Philadelphia Phantoms
Player Name G A P +/- PIM S H SB GA TA FO MP PP MP PK MP
------------------------------------------------------------------------------------
Alex Steeves 0 0 0 -1 0 1 3 0 0 0 0/0 12:47 0:20 0:00
Alexander Holtz 0 1 1 0 0 4 1 2 1 0 1/2 19:11 4:07 3:17
Ben McCartney 1 0 1 1 0 4 2 1 0 0 0/0 13:19 0:40 0:06
Blake Lizotte 1 1 2 1 0 2 3 2 0 0 18/26 22:00 4:24 3:17
Brad Hunt 0 1 1 2 0 4 1 1 1 1 0/0 24:39 4:00 0:00
Brett Murray 0 0 0 0 0 0 0 3 0 0 0/1 12:03 0:00 0:00
Casey Fitzgerald 0 0 0 0 22 0 1 0 1 1 0/0 7:12 0:00 1:13
Erik Gustafsson 0 0 0 1 0 1 4 2 0 0 0/0 29:15 4:18 1:46
Jack McBain 0 1 1 0 0 5 1 0 1 0 9/15 17:15 1:05 3:04
Jaret Anderson-Dolan 1 0 1 0 5 3 2 0 0 1 9/15 14:44 3:08 0:06
Juuso Valimaki 0 0 0 -1 0 0 0 1 0 0 0/0 19:10 4:35 4:12
Mason Shaw 0 0 0 -2 2 2 3 0 0 0 2/6 12:44 0:16 0:00
Nathan Bastian 1 2 3 1 2 5 0 0 0 0 0/0 18:52 4:14 0:00
Nick Cousins 1 2 3 1 0 4 1 0 1 0 0/1 18:20 4:16 0:00
Noah Juulsen 0 0 0 -1 0 2 1 2 0 2 0/0 29:03 4:53 3:22
Otto Koivula 0 0 0 -1 0 4 2 1 0 0 0/0 12:09 0:00 0:00
Tyson Foerster 0 2 2 0 0 3 0 0 0 0 1/1 19:03 4:09 3:04
William Borgen 0 0 0 -1 2 0 1 0 0 2 0/0 21:46 0:00 2:21
Players Stats for Peoria Rivermen
Player Name G A P +/- PIM S H SB GA TA FO MP PP MP PK MP
------------------------------------------------------------------------------------
Brandon Biro 1 1 2 2 0 3 1 0 0 0 0/0 10:29 0:00 1:21
Connor Mackey 0 0 0 1 9 0 1 2 0 0 0/0 18:58 2:45 2:09
Dakota Joshua 0 0 0 -2 0 1 0 0 2 0 13/27 17:21 3:05 0:00
Grant Mismash 0 0 0 2 2 1 2 0 0 0 1/1 8:42 0:00 0:00
Jakob Pelletier 0 1 1 1 0 0 2 1 0 0 3/10 14:37 0:50 0:00
Jalen Chatfield 0 0 0 -2 2 1 5 3 0 1 0/0 28:54 3:12 3:49
Jesper Froden 1 0 1 2 0 4 1 0 1 0 0/0 8:43 0:00 0:00
Jonas Rondbjerg 0 0 0 1 0 1 1 0 0 0 0/0 13:36 0:13 0:00
Josiah Slavin 1 0 1 0 2 6 0 0 0 0 0/1 17:29 3:03 0:00
Matthew Kessel 0 0 0 1 0 1 0 0 0 0 0/0 16:42 0:00 2:19
Nick Leddy 0 1 1 2 0 0 2 1 0 0 0/0 14:47 0:00 1:26
Nico Sturm 0 1 1 -1 0 0 2 0 0 0 8/16 21:47 3:03 4:27
Radim Zohorna 0 0 0 -1 0 2 1 1 1 0 1/1 15:50 0:38 0:40
Ryan Lomberg 1 0 1 -1 12 8 1 0 2 0 0/0 17:26 2:15 3:05
Sasha Chmelevski 0 0 0 -1 0 6 3 0 0 1 0/5 21:24 3:03 4:14
Tyler Pitlick 0 1 1 -2 0 1 1 1 1 0 1/6 21:26 3:11 3:59
Yegor Zamula 0 0 0 -2 0 3 3 2 0 2 0/0 28:38 3:42 3:57
Zachary Jones 0 0 0 0 0 1 0 1 0 1 0/0 24:14 3:15 4:06
3 Stars
1 - Nick Cousins (PHI)
2 - Blake Lizotte (PHI)
3 - Brandon Biro (PRM)
Power Play
Philadelphia Phantoms - 2 on 6 Attempt(s) - 33.33%
Peoria Rivermen - 1 on 4 Attempt(s) - 25.00%
Penalty Kill
Philadelphia Phantoms - 3 on 4 Attempt(s) - 75.00%
- Score 0 goal in Penalty Kill
Peoria Rivermen - 4 on 6 Attempt(s) - 66.67%
- Score 0 goal in Penalty Kill
Team Stat
Philadelphia Phantoms - Hits : 26 - Faceoff Wins : 40 - Blocked Shots : 15 - Penalty Minutes : 33
Peoria Rivermen - Hits : 26 - Faceoff Wins : 27 - Blocked Shots : 12 - Penalty Minutes : 27
Official
Referees : TJ Luxmore and Graham Skiliter
Linesman : Andy McElman and Michel Cormier
Game Notes
Casey Fitzgerald beats up Connor Mackey at 6:53 of 1st period
Ryan Lomberg beats up Casey Fitzgerald at 9:10 of 2nd period
Ryan Lomberg and Jaret Anderson-Dolan fight to a draw at 1:59 of 3rd period
Philadelphia Phantoms
5 vs 5 Forward
Center Left Wing Right Wing Time % Phy DF OF
1 Blake Lizotte Nick Cousins Nathan Bastian 30 1 1 3
2 Jaret Anderson-Dolan Brett Murray Alexander Holtz 25 1 2 2
3 Jack McBain Ben McCartney Tyson Foerster 25 1 2 2
4 Mason Shaw Otto Koivula Alex Steeves 20 1 3 1
5 vs 5 Defense
Defense Defense Time % Phy DF OF
1 Erik Gustafsson Brad Hunt 40 1 2 2
2 Noah Juulsen William Borgen 40 1 2 2
3 Juuso Valimaki Casey Fitzgerald 20 1 3 1
4 Erik Gustafsson Brad Hunt 0 1 2 2
PowerPlay Forward
Center Left Wing Right Wing Time % Phy DF OF
1 Blake Lizotte Nick Cousins Nathan Bastian 50 0 0 5
2 Jaret Anderson-Dolan Tyson Foerster Alexander Holtz 50 0 0 5
PowerPlay Defense
Defense Defense Time % Phy DF OF
1 Erik Gustafsson Brad Hunt 50 1 1 3
2 Noah Juulsen Juuso Valimaki 50 1 1 3
Penalty Kill 4 Players Forward
Center Wing Time % Phy DF OF
1 Jack McBain Tyson Foerster 50 1 3 1
2 Blake Lizotte Alexander Holtz 50 1 3 1
Penalty Kill 4 Players Defense
Defense Defense Time % Phy DF OF
1 Noah Juulsen Juuso Valimaki 50 1 3 1
2 Casey Fitzgerald William Borgen 50 1 3 1
Penalty Kill - 3 Players Forward
Forward Time % Phy DF OF
1 Jack McBain 50 0 4 1
2 Blake Lizotte 50 0 4 1
Penalty Kill - 3 Players Defense
Defense Defense Time % Phy DF OF
1 Noah Juulsen Juuso Valimaki 50 0 4 0
2 Casey Fitzgerald William Borgen 50 1 4 0
4 vs 4 Forward
Center Wing Time % Phy DF OF
1 Blake Lizotte Nick Cousins 50 1 1 3
2 Jaret Anderson-Dolan Nathan Bastian 50 1 2 2
4 vs 4 Defense
Defense Defense Time % Phy DF OF
1 Erik Gustafsson Brad Hunt 50 1 2 2
2 Noah Juulsen William Borgen 50 1 2 2
Last Minutes Offensive
Center Left Wing Right Wing Defense Defense
Blake Lizotte Nick Cousins Nathan Bastian Erik Gustafsson Brad Hunt
Last Minutes Defensive
Center Left Wing Right Wing Defense Defense
Jack McBain Blake Lizotte Nathan Bastian Noah Juulsen Juuso Valimaki
Goaltenders
Starting : Connor Ingram
Backup : Dereck Baribeau
Extra Forwards
Normal : Jack McBain, Nathan Bastian, Jaret Anderson-Dolan - PP : Blake Lizotte, Jack McBain - PK : Nathan Bastian
Extra Defensemen
Normal : Noah Juulsen, Erik Gustafsson, William Borgen - PP : Noah Juulsen - PK : Juuso Valimaki, Noah Juulsen
Penalty Shots
Tyson Foerster, Jaret Anderson-Dolan, Alex Steeves, Nick Cousins, Mason Shaw
Peoria Rivermen
5 vs 5 Forward
Center Left Wing Right Wing Time % Phy DF OF
1 Nico Sturm Radim Zohorna Sasha Chmelevski 30 1 2 2
2 Dakota Joshua Ryan Lomberg Tyler Pitlick 30 1 2 2
3 Jakob Pelletier Josiah Slavin Jonas Rondbjerg 25 1 2 2
4 Grant Mismash Brandon Biro Jesper Froden 15 1 2 2
5 vs 5 Defense
Defense Defense Time % Phy DF OF
1 Jalen Chatfield Yegor Zamula 30 1 2 2
2 Zachary Jones Connor Mackey 30 1 2 2
3 Nick Leddy Matthew Kessel 25 1 2 2
4 Jalen Chatfield Yegor Zamula 15 1 2 2
PowerPlay Forward
Center Left Wing Right Wing Time % Phy DF OF
1 Nico Sturm Josiah Slavin Sasha Chmelevski 50 1 2 2
2 Dakota Joshua Ryan Lomberg Tyler Pitlick 50 1 2 2
PowerPlay Defense
Defense Defense Time % Phy DF OF
1 Jalen Chatfield Yegor Zamula 50 1 2 2
2 Zachary Jones Connor Mackey 50 1 2 2
Penalty Kill 4 Players Forward
Center Wing Time % Phy DF OF
1 Tyler Pitlick Nico Sturm 50 1 2 2
2 Sasha Chmelevski Ryan Lomberg 50 1 2 2
Penalty Kill 4 Players Defense
Defense Defense Time % Phy DF OF
1 Jalen Chatfield Yegor Zamula 50 1 2 2
2 Zachary Jones Connor Mackey 50 1 2 2
Penalty Kill - 3 Players Forward
Forward Time % Phy DF OF
1 Sasha Chmelevski 50 1 2 2
2 Nico Sturm 50 1 2 2
Penalty Kill - 3 Players Defense
Defense Defense Time % Phy DF OF
1 Jalen Chatfield Yegor Zamula 50 1 2 2
2 Zachary Jones Connor Mackey 50 1 2 2
4 vs 4 Forward
Center Wing Time % Phy DF OF
1 Jakob Pelletier Nico Sturm 50 1 2 2
2 Sasha Chmelevski Ryan Lomberg 50 1 2 2
4 vs 4 Defense
Defense Defense Time % Phy DF OF
1 Jalen Chatfield Yegor Zamula 50 1 2 2
2 Zachary Jones Connor Mackey 50 1 2 2
Last Minutes Offensive
Center Left Wing Right Wing Defense Defense
Nico Sturm Ryan Lomberg Sasha Chmelevski Jalen Chatfield Yegor Zamula
Last Minutes Defensive
Center Left Wing Right Wing Defense Defense
Nico Sturm Ryan Lomberg Sasha Chmelevski Jalen Chatfield Yegor Zamula
Goaltenders
Starting : Scott Wedgewood
Backup : Joey Daccord
Extra Forwards
Normal : Josiah Slavin, Jakob Pelletier, Brandon Biro - PP : Josiah Slavin, Jakob Pelletier - PK : Brandon Biro
Extra Defensemen
Normal : Jalen Chatfield, Matthew Kessel, Zachary Jones - PP : Yegor Zamula - PK : Matthew Kessel, Zachary Jones
Penalty Shots
Brandon Biro, Nico Sturm, Sasha Chmelevski, Ryan Lomberg, Tyler Pitlick
% Time on Ice - Philadelphia Phantoms
Lines # - Real PCT - Wanted PCT - Time Play
Normal Forward
1 - 28% - 30% - 14:09
2 - 25% - 25% - 12:28
3 - 24% - 25% - 11:55
4 - 24% - 20% - 12:09
Normal Defense
1 - 40% - 40% - 20:18
2 - 40% - 40% - 20:31
3 - 19% - 20% - 9:52
4 - 0% - 0% - 0:00
PP Forward
1 - 50% - 50% - 4:24
2 - 50% - 50% - 4:29
PP Defense
1 - 45% - 50% - 4:00
2 - 55% - 50% - 4:53
PK Forward
1 - 48% - 50% - 3:04
2 - 52% - 50% - 3:23
PK Defense
1 - 25% - 50% - 1:37
2 - 75% - 50% - 4:50
PK3 Forward
1 - 0% - 50%
2 - 0% - 50%
PK3 Defense
1 - 0% - 50%
2 - 0% - 50%
44 Forward
1 - 0% - 50%
2 - 0% - 50%
44 Defense
1 - 0% - 50%
2 - 0% - 50%
Last Minute Offensive - 0:00
Last Minute Defensive - 0:00
Total
Forward - 66:01
Defense - 66:01
|
% Time on Ice - Peoria Rivermen
Lines # - Real PCT - Wanted PCT - Time Play
Normal Forward
1 - 28% - 30% - 14:06
2 - 29% - 30% - 14:56
3 - 26% - 25% - 12:56
4 - 17% - 15% - 8:43
Normal Defense
1 - 30% - 30% - 15:26
2 - 32% - 30% - 16:23
3 - 26% - 25% - 13:19
4 - 11% - 15% - 5:33
PP Forward
1 - 48% - 50% - 3:07
2 - 52% - 50% - 3:20
PP Defense
1 - 50% - 50% - 3:12
2 - 50% - 50% - 3:15
PK Forward
1 - 50% - 50% - 4:26
2 - 50% - 50% - 4:27
PK Defense
1 - 54% - 50% - 4:48
2 - 46% - 50% - 4:05
PK3 Forward
1 - 0% - 50%
2 - 0% - 50%
PK3 Defense
1 - 0% - 50%
2 - 0% - 50%
44 Forward
1 - 0% - 50%
2 - 0% - 50%
44 Defense
1 - 0% - 50%
2 - 0% - 50%
Last Minute Offensive - 0:00
Last Minute Defensive - 0:00
Total
Forward - 66:01
Defense - 66:01
|
Play-by-Play
1st period
0:01 of 1st period - Blake Lizotte wins face-off versus Nico Sturm in neutral zone.
0:15 of 1st period - Nick Cousins is hit by Jalen Chatfield.
0:25 of 1st period - Ryan Lomberg is hit by Erik Gustafsson and loses puck.
1:11 of 1st period - Minor Penalty to Grant Mismash for Cross-checking.
1:12 of 1st period - Blake Lizotte wins face-off versus Tyler Pitlick in Peoria Rivermen zone.
1:18 of 1st period - Snap shot by Nathan Bastian.
1:18 of 1st period - Stopped by Scott Wedgewood without a rebound.
1:19 of 1st period - Blake Lizotte wins face-off versus Tyler Pitlick in Peoria Rivermen zone.
1:22 of 1st period - Snap shot by Nathan Bastian.
1:22 of 1st period - Stopped by Scott Wedgewood with a rebound.
1:44 of 1st period - Wrist shot by Nico Sturm.
1:44 of 1st period - Shot Misses the Net.
1:46 of 1st period - Slapshot by Yegor Zamula.
1:46 of 1st period - Shot Blocked by Alexander Holtz.
1:48 of 1st period - Slapshot by Yegor Zamula.
1:48 of 1st period - Shot Misses the Net.
1:50 of 1st period - Slapshot by Yegor Zamula.
1:50 of 1st period - Shot Misses the Net.
1:52 of 1st period - Snap shot by Ryan Lomberg.
1:52 of 1st period - Shot Misses the Net.
1:54 of 1st period - Backhand shot by Jalen Chatfield.
1:54 of 1st period - Deflect By Ryan Lomberg.
1:54 of 1st period - Deflect By Alexander Holtz.
1:54 of 1st period - Shot Misses the Net.
1:54 of 1st period - Puck is out of play.
1:55 of 1st period - Blake Lizotte wins face-off versus Sasha Chmelevski in Philadelphia Phantoms zone.
2:02 of 1st period - Backhand shot by Nick Cousins.
2:02 of 1st period - Goal by Nick Cousins - Philadelphia Phantoms : 1 - Peoria Rivermen : 0.
2:03 of 1st period - Nico Sturm wins face-off versus Blake Lizotte in neutral zone.
2:12 of 1st period - Slapshot by Radim Zohorna.
2:12 of 1st period - Shot Misses the Net.
2:14 of 1st period - Snap shot by Sasha Chmelevski.
2:14 of 1st period - Stopped by Connor Ingram with a rebound.
2:16 of 1st period - Snap shot by Nico Sturm.
2:16 of 1st period - Shot Hit the Post.
2:18 of 1st period - Slapshot by Sasha Chmelevski.
2:18 of 1st period - Shot Misses the Net.
2:24 of 1st period - Minor Penalty to William Borgen for Holding.
2:25 of 1st period - Jack McBain wins face-off versus Nico Sturm in Philadelphia Phantoms zone.
3:01 of 1st period - Off-side.
3:02 of 1st period - Nico Sturm wins face-off versus Blake Lizotte in neutral zone.
4:24 of 1st period - Penalty to William Borgen is over, William Borgen is back on ice.
4:33 of 1st period - Otto Koivula is hit by Grant Mismash and loses puck.
4:44 of 1st period - Snap shot by Brandon Biro.
4:44 of 1st period - Stopped by Connor Ingram without a rebound.
4:45 of 1st period - Jack McBain wins face-off versus Jakob Pelletier in Philadelphia Phantoms zone.
5:48 of 1st period - Matthew Kessel is hit by Nick Cousins and loses puck.
6:09 of 1st period - Jack McBain is hit by Yegor Zamula and loses puck.
6:37 of 1st period - Snap shot by Sasha Chmelevski.
6:37 of 1st period - Stopped by Connor Ingram without a rebound.
6:38 of 1st period - Dakota Joshua wins face-off versus Blake Lizotte in Philadelphia Phantoms zone.
6:49 of 1st period - Tyler Pitlick is hit by Casey Fitzgerald and loses puck.
6:53 of 1st period - Casey Fitzgerald beats up Connor Mackey.
6:53 of 1st period - Penalty to Connor Mackey for Fighting.
6:53 of 1st period - Penalty to Casey Fitzgerald for Fighting.
6:53 of 1st period - Penalty to Casey Fitzgerald for instigated a fight.
6:53 of 1st period - Penalty to Casey Fitzgerald for instigated a fight.
6:54 of 1st period - Nico Sturm wins face-off versus Jack McBain in Peoria Rivermen zone.
7:23 of 1st period - Snap shot by Ryan Lomberg.
7:23 of 1st period - Goal by Ryan Lomberg - Philadelphia Phantoms : 1 - Peoria Rivermen : 1.
7:24 of 1st period - Dakota Joshua wins face-off versus Jaret Anderson-Dolan in neutral zone.
7:37 of 1st period - Snap shot by Alexander Holtz.
7:37 of 1st period - Stopped by Scott Wedgewood with a rebound.
7:51 of 1st period - Snap shot by Jack McBain.
7:51 of 1st period - Stopped by Scott Wedgewood without a rebound.
7:52 of 1st period - Nico Sturm wins face-off versus Jack McBain in Peoria Rivermen zone.
7:52 of 1st period - Nico Sturm is hit by Erik Gustafsson.
8:09 of 1st period - Jack McBain is hit by Jalen Chatfield and loses puck.
8:44 of 1st period - Snap shot by Jack McBain.
8:44 of 1st period - Stopped by Scott Wedgewood without a rebound.
8:45 of 1st period - Blake Lizotte wins face-off versus Dakota Joshua in Peoria Rivermen zone.
9:10 of 1st period - Alexander Holtz is hit by Jakob Pelletier and loses puck.
9:39 of 1st period - Wrist shot by Otto Koivula.
9:39 of 1st period - Stopped by Scott Wedgewood with a rebound.
9:41 of 1st period - Slapshot by Noah Juulsen.
9:41 of 1st period - Stopped by Scott Wedgewood with a rebound.
9:43 of 1st period - Snap shot by Alex Steeves.
9:43 of 1st period - Stopped by Scott Wedgewood with a rebound.
9:57 of 1st period - Slapshot by Nick Cousins.
9:57 of 1st period - Shot Blocked by Nick Leddy.
10:24 of 1st period - Sasha Chmelevski is hit by Blake Lizotte and loses puck.
10:31 of 1st period - Blake Lizotte is hit by Sasha Chmelevski and loses puck.
10:48 of 1st period - Snap shot by Jack McBain.
10:48 of 1st period - Stopped by Scott Wedgewood with a rebound.
11:03 of 1st period - Off-side.
11:04 of 1st period - Grant Mismash wins face-off versus Alexander Holtz in neutral zone.
11:07 of 1st period - Wrist shot by Brandon Biro.
11:07 of 1st period - Deflect By Jesper Froden.
11:07 of 1st period - Stopped by Connor Ingram with a rebound.
11:09 of 1st period - Snap shot by Brandon Biro.
11:09 of 1st period - Deflect By Grant Mismash.
11:09 of 1st period - Shot Blocked by Alexander Holtz.
11:09 of 1st period - Puck is out of play.
11:10 of 1st period - Jakob Pelletier wins face-off versus Blake Lizotte in Philadelphia Phantoms zone.
11:19 of 1st period - Wrist shot by Josiah Slavin.
11:19 of 1st period - Stopped by Connor Ingram with a rebound.
11:46 of 1st period - Slapshot by Dakota Joshua.
11:46 of 1st period - Deflect By Ryan Lomberg.
11:46 of 1st period - Shot Misses the Net.
11:46 of 1st period - Puck is out of play.
11:47 of 1st period - Blake Lizotte wins face-off versus Nico Sturm in Philadelphia Phantoms zone.
11:56 of 1st period - Snap shot by Nathan Bastian.
11:56 of 1st period - Shot Misses the Net.
11:58 of 1st period - Backhand shot by Nick Cousins.
11:58 of 1st period - Stopped by Scott Wedgewood with a rebound.
12:02 of 1st period - Wrist shot by Blake Lizotte.
12:02 of 1st period - Goal by Blake Lizotte - Philadelphia Phantoms : 2 - Peoria Rivermen : 1.
12:03 of 1st period - Dakota Joshua wins face-off versus Mason Shaw in neutral zone.
12:06 of 1st period - William Borgen is hit by Jalen Chatfield and loses puck.
12:11 of 1st period - Wrist shot by Ryan Lomberg.
12:11 of 1st period - Stopped by Connor Ingram without a rebound.
12:12 of 1st period - Dakota Joshua wins face-off versus Mason Shaw in Philadelphia Phantoms zone.
12:26 of 1st period - Off-side.
12:27 of 1st period - Blake Lizotte wins face-off versus Jakob Pelletier in neutral zone.
12:34 of 1st period - Wrist shot by Nick Cousins.
12:34 of 1st period - Stopped by Scott Wedgewood with a rebound.
12:38 of 1st period - Snap shot by Blake Lizotte.
12:38 of 1st period - Stopped by Scott Wedgewood with a rebound.
12:40 of 1st period - Slapshot by William Borgen.
12:40 of 1st period - Shot Misses the Net.
12:54 of 1st period - Brett Murray is hit by Sasha Chmelevski.
12:57 of 1st period - Off-side.
12:58 of 1st period - Tyson Foerster wins face-off versus Nico Sturm in neutral zone.
13:12 of 1st period - Icing by Sasha Chmelevski.
13:13 of 1st period - Nico Sturm wins face-off versus Jaret Anderson-Dolan in Peoria Rivermen zone.
13:38 of 1st period - Zachary Jones is hit by William Borgen and loses puck.
13:45 of 1st period - Backhand shot by Connor Mackey.
13:45 of 1st period - Shot Blocked by Blake Lizotte.
13:57 of 1st period - Wrist shot by Josiah Slavin.
13:57 of 1st period - Shot Misses the Net.
13:59 of 1st period - Snap shot by Josiah Slavin.
13:59 of 1st period - Stopped by Connor Ingram with a rebound.
14:01 of 1st period - Snap shot by Jonas Rondbjerg.
14:01 of 1st period - Stopped by Connor Ingram without a rebound.
14:02 of 1st period - Jack McBain wins face-off versus Jakob Pelletier in Philadelphia Phantoms zone.
14:15 of 1st period - Icing by Matthew Kessel.
14:16 of 1st period - Mason Shaw wins face-off versus Jakob Pelletier in Peoria Rivermen zone.
14:23 of 1st period - Alex Steeves is hit by Jonas Rondbjerg and loses puck.
14:36 of 1st period - Slapshot by Josiah Slavin.
14:36 of 1st period - Stopped by Connor Ingram with a rebound.
14:40 of 1st period - Backhand shot by Jakob Pelletier.
14:40 of 1st period - Shot Misses the Net.
14:42 of 1st period - Slapshot by Matthew Kessel.
14:42 of 1st period - Shot Blocked by Noah Juulsen.
14:44 of 1st period - Slapshot by Josiah Slavin.
14:44 of 1st period - Stopped by Connor Ingram without a rebound.
14:45 of 1st period - Dakota Joshua wins face-off versus Blake Lizotte in Philadelphia Phantoms zone.
14:51 of 1st period - Minor Penalty to Nathan Bastian for Cross-checking.
14:52 of 1st period - Jack McBain wins face-off versus Dakota Joshua in Philadelphia Phantoms zone.
16:51 of 1st period - Penalty to Nathan Bastian is over, Nathan Bastian is back on ice.
19:01 of 1st period - Jonas Rondbjerg is hit by Jack McBain and loses puck.
19:59 of 1st period - Erik Gustafsson is hit by Jalen Chatfield and loses puck.
Goals for this period are 2 for Philadelphia Phantoms vs 1 for Peoria Rivermen.
Shots for this period are 14 for Philadelphia Phantoms vs 11 for Peoria Rivermen.
2nd period
0:01 of 2nd period - Blake Lizotte wins face-off versus Dakota Joshua in neutral zone.
0:48 of 2nd period - Connor Mackey is hit by Alex Steeves and loses puck.
1:29 of 2nd period - Snap shot by Ryan Lomberg.
1:29 of 2nd period - Stopped by Connor Ingram with a rebound.
1:31 of 2nd period - Slapshot by Zachary Jones.
1:31 of 2nd period - Shot Blocked by Blake Lizotte.
1:33 of 2nd period - Snap shot by Dakota Joshua.
1:33 of 2nd period - Shot Misses the Net.
1:35 of 2nd period - Slapshot by Ryan Lomberg.
1:35 of 2nd period - Shot Misses the Net.
1:37 of 2nd period - Slapshot by Matthew Kessel.
1:37 of 2nd period - Stopped by Connor Ingram without a rebound.
1:38 of 2nd period - Nico Sturm wins face-off versus Brett Murray in Philadelphia Phantoms zone.
1:39 of 2nd period - Wrist shot by Radim Zohorna.
1:39 of 2nd period - Shot Blocked by Brad Hunt.
1:53 of 2nd period - 10 Minutes Misconduct Penalty to Casey Fitzgerald is over.
1:57 of 2nd period - Sasha Chmelevski is hit by Jaret Anderson-Dolan and loses puck.
2:07 of 2nd period - Off-side.
2:08 of 2nd period - Blake Lizotte wins face-off versus Dakota Joshua in neutral zone.
2:15 of 2nd period - Off-side.
2:16 of 2nd period - Blake Lizotte wins face-off versus Dakota Joshua in neutral zone.
2:21 of 2nd period - Wrist shot by Nick Cousins.
2:21 of 2nd period - Shot Misses the Net.
2:30 of 2nd period - Snap shot by Yegor Zamula.
2:30 of 2nd period - Stopped by Connor Ingram with a rebound.
2:32 of 2nd period - Snap shot by Ryan Lomberg.
2:32 of 2nd period - Stopped by Connor Ingram with a rebound.
2:55 of 2nd period - Off-side.
2:56 of 2nd period - Jaret Anderson-Dolan wins face-off versus Sasha Chmelevski in neutral zone.
3:04 of 2nd period - Minor Penalty to Connor Mackey for Tripping.
3:05 of 2nd period - Jaret Anderson-Dolan wins face-off versus Sasha Chmelevski in Peoria Rivermen zone.
3:19 of 2nd period - Slapshot by Alexander Holtz.
3:19 of 2nd period - Stopped by Scott Wedgewood with a rebound.
3:21 of 2nd period - Snap shot by Alexander Holtz.
3:21 of 2nd period - Shot Hit the Post.
4:18 of 2nd period - Nathan Bastian is hit by Tyler Pitlick.
5:02 of 2nd period - Zachary Jones is hit by Blake Lizotte and loses puck.
5:04 of 2nd period - Penalty to Connor Mackey is over, Connor Mackey is back on ice.
5:49 of 2nd period - Off-side.
5:50 of 2nd period - Jakob Pelletier wins face-off versus Mason Shaw in neutral zone.
6:05 of 2nd period - Jakob Pelletier is hit by Alex Steeves and loses puck.
6:18 of 2nd period - Snap shot by Jesper Froden.
6:18 of 2nd period - Stopped by Connor Ingram with a rebound.
6:20 of 2nd period - Wrist shot by Grant Mismash.
6:20 of 2nd period - Shot Blocked by Ben McCartney.
6:22 of 2nd period - Slapshot by Jalen Chatfield.
6:22 of 2nd period - Stopped by Connor Ingram with a rebound.
6:24 of 2nd period - Wrist shot by Grant Mismash.
6:24 of 2nd period - Stopped by Connor Ingram with a rebound.
6:26 of 2nd period - Slapshot by Jalen Chatfield.
6:26 of 2nd period - Deflect By Brandon Biro.
6:26 of 2nd period - Shot Misses the Net.
6:26 of 2nd period - Puck is out of play.
6:27 of 2nd period - Blake Lizotte wins face-off versus Tyler Pitlick in Philadelphia Phantoms zone.
6:32 of 2nd period - Snap shot by Nathan Bastian.
6:32 of 2nd period - Deflect By Nick Cousins.
6:32 of 2nd period - Shot Misses the Net.
6:32 of 2nd period - Puck is out of play.
6:33 of 2nd period - Blake Lizotte wins face-off versus Dakota Joshua in Peoria Rivermen zone.
6:46 of 2nd period - Wrist shot by Nick Cousins.
6:46 of 2nd period - Stopped by Scott Wedgewood with a rebound.
7:08 of 2nd period - Snap shot by Ben McCartney.
7:08 of 2nd period - Stopped by Scott Wedgewood without a rebound.
7:09 of 2nd period - Nico Sturm wins face-off versus Jaret Anderson-Dolan in Peoria Rivermen zone.
7:34 of 2nd period - Blake Lizotte is hit by Jalen Chatfield and loses puck.
8:17 of 2nd period - Dakota Joshua is hit by Otto Koivula and loses puck.
8:24 of 2nd period - Snap shot by Mason Shaw.
8:24 of 2nd period - Stopped by Scott Wedgewood with a rebound.
8:26 of 2nd period - Backhand shot by Otto Koivula.
8:26 of 2nd period - Stopped by Scott Wedgewood without a rebound.
8:27 of 2nd period - Jaret Anderson-Dolan wins face-off versus Nico Sturm in Peoria Rivermen zone.
8:40 of 2nd period - Slapshot by Alexander Holtz.
8:40 of 2nd period - Stopped by Scott Wedgewood with a rebound.
8:42 of 2nd period - Snap shot by Alexander Holtz.
8:42 of 2nd period - Shot Blocked by Yegor Zamula.
8:52 of 2nd period - Radim Zohorna is hit by Noah Juulsen and loses puck.
9:00 of 2nd period - Sasha Chmelevski is hit by Ben McCartney and loses puck.
9:10 of 2nd period - Ryan Lomberg beats up Casey Fitzgerald.
9:10 of 2nd period - Penalty to Ryan Lomberg for Fighting.
9:10 of 2nd period - Penalty to Casey Fitzgerald for Fighting.
9:11 of 2nd period - Blake Lizotte wins face-off versus Dakota Joshua in Peoria Rivermen zone.
9:22 of 2nd period - Snap shot by Nick Cousins.
9:22 of 2nd period - Shot Blocked by Jalen Chatfield.
9:24 of 2nd period - Slapshot by Brad Hunt.
9:24 of 2nd period - Shot Blocked by Tyler Pitlick.
9:26 of 2nd period - Snap shot by Nathan Bastian.
9:26 of 2nd period - Goal by Nathan Bastian - Philadelphia Phantoms : 3 - Peoria Rivermen : 1.
9:27 of 2nd period - Jaret Anderson-Dolan wins face-off versus Josiah Slavin in neutral zone.
9:34 of 2nd period - Backhand shot by Alexander Holtz.
9:34 of 2nd period - Shot Misses the Net.
9:52 of 2nd period - Brad Hunt is hit by Nico Sturm and loses puck.
10:17 of 2nd period - Snap shot by Jack McBain.
10:17 of 2nd period - Shot Blocked by Yegor Zamula.
10:19 of 2nd period - Wrist shot by Ben McCartney.
10:19 of 2nd period - Shot Misses the Net.
10:21 of 2nd period - Snap shot by Ben McCartney.
10:21 of 2nd period - Shot Blocked by Jalen Chatfield.
10:33 of 2nd period - Jalen Chatfield is hit by Mason Shaw and loses puck.
11:50 of 2nd period - Jakob Pelletier is hit by Mason Shaw.
11:55 of 2nd period - Minor Penalty to Mason Shaw for Tripping.
11:56 of 2nd period - Jack McBain wins face-off versus Nico Sturm in Philadelphia Phantoms zone.
12:11 of 2nd period - Slapshot by Connor Mackey.
12:11 of 2nd period - Shot Misses the Net.
13:55 of 2nd period - Penalty to Mason Shaw is over, Mason Shaw is back on ice.
14:01 of 2nd period - Wrist shot by Brandon Biro.
14:01 of 2nd period - Goal by Brandon Biro - Philadelphia Phantoms : 3 - Peoria Rivermen : 2.
14:02 of 2nd period - Nico Sturm wins face-off versus Mason Shaw in neutral zone.
14:13 of 2nd period - Jalen Chatfield is hit by Otto Koivula and loses puck.
14:31 of 2nd period - Slapshot by Jalen Chatfield.
14:31 of 2nd period - Shot Misses the Net.
14:33 of 2nd period - Wrist shot by Sasha Chmelevski.
14:33 of 2nd period - Stopped by Connor Ingram with a rebound.
14:35 of 2nd period - Snap shot by Nico Sturm.
14:35 of 2nd period - Shot Blocked by Noah Juulsen.
14:37 of 2nd period - Slapshot by Radim Zohorna.
14:37 of 2nd period - Deflect By Sasha Chmelevski.
14:37 of 2nd period - Stopped by Connor Ingram with a rebound.
14:39 of 2nd period - Backhand shot by Jalen Chatfield.
14:39 of 2nd period - Shot Misses the Net.
14:41 of 2nd period - Slapshot by Jalen Chatfield.
14:41 of 2nd period - Shot Blocked by Otto Koivula.
14:43 of 2nd period - Slapshot by Yegor Zamula.
14:43 of 2nd period - Stopped by Connor Ingram with a rebound.
14:45 of 2nd period - Snap shot by Sasha Chmelevski.
14:45 of 2nd period - Stopped by Connor Ingram with a rebound.
14:47 of 2nd period - Slapshot by Yegor Zamula.
14:47 of 2nd period - Stopped by Connor Ingram with a rebound.
14:49 of 2nd period - Snap shot by Sasha Chmelevski.
14:49 of 2nd period - Stopped by Connor Ingram without a rebound.
14:50 of 2nd period - Dakota Joshua wins face-off versus Nick Cousins in Philadelphia Phantoms zone.
14:51 of 2nd period - Slapshot by Tyler Pitlick.
14:51 of 2nd period - Stopped by Connor Ingram without a rebound.
14:52 of 2nd period - Blake Lizotte wins face-off versus Dakota Joshua in Philadelphia Phantoms zone.
15:22 of 2nd period - Snap shot by Jaret Anderson-Dolan.
15:22 of 2nd period - Shot Misses the Net.
15:24 of 2nd period - Snap shot by Brad Hunt.
15:24 of 2nd period - Deflect By Jaret Anderson-Dolan.
15:24 of 2nd period - Shot Blocked by Zachary Jones.
15:24 of 2nd period - Puck is out of play.
15:25 of 2nd period - Jaret Anderson-Dolan wins face-off versus Jakob Pelletier in Peoria Rivermen zone.
16:11 of 2nd period - Snap shot by Josiah Slavin.
16:11 of 2nd period - Goal by Josiah Slavin - Philadelphia Phantoms : 3 - Peoria Rivermen : 3.
16:12 of 2nd period - Jaret Anderson-Dolan wins face-off versus Tyler Pitlick in neutral zone.
16:17 of 2nd period - Slapshot by Brad Hunt.
16:17 of 2nd period - Stopped by Scott Wedgewood without a rebound.
16:18 of 2nd period - Dakota Joshua wins face-off versus Jaret Anderson-Dolan in Peoria Rivermen zone.
16:18 of 2nd period - Dakota Joshua is hit by Alexander Holtz.
16:24 of 2nd period - Wrist shot by Jaret Anderson-Dolan.
16:24 of 2nd period - Stopped by Scott Wedgewood without a rebound.
16:25 of 2nd period - Jack McBain wins face-off versus Dakota Joshua in Peoria Rivermen zone.
16:25 of 2nd period - Jack McBain is hit by Yegor Zamula.
16:31 of 2nd period - Snap shot by Jack McBain.
16:31 of 2nd period - Stopped by Scott Wedgewood with a rebound.
16:37 of 2nd period - Wrist shot by Dakota Joshua.
16:37 of 2nd period - Deflect By Ryan Lomberg.
16:37 of 2nd period - Stopped by Connor Ingram with a rebound.
16:39 of 2nd period - Slapshot by Dakota Joshua.
16:39 of 2nd period - Shot Misses the Net.
16:41 of 2nd period - Slapshot by Yegor Zamula.
16:41 of 2nd period - Shot Blocked by Erik Gustafsson.
16:55 of 2nd period - Alexander Holtz is hit by Connor Mackey and loses puck.
17:06 of 2nd period - Jaret Anderson-Dolan is hit by Radim Zohorna and loses puck.
17:31 of 2nd period - Slapshot by Josiah Slavin.
17:31 of 2nd period - Stopped by Connor Ingram with a rebound.
17:49 of 2nd period - Wrist shot by Jesper Froden.
17:49 of 2nd period - Goal by Jesper Froden - Philadelphia Phantoms : 3 - Peoria Rivermen : 4.
17:50 of 2nd period - Jack McBain wins face-off versus Dakota Joshua in neutral zone.
18:01 of 2nd period - Wrist shot by Ben McCartney.
18:01 of 2nd period - Stopped by Scott Wedgewood with a rebound.
19:02 of 2nd period - Wrist shot by Jesper Froden.
19:02 of 2nd period - Deflect By Brandon Biro.
19:02 of 2nd period - Stopped by Connor Ingram without a rebound.
19:03 of 2nd period - Jack McBain wins face-off versus Dakota Joshua in Philadelphia Phantoms zone.
19:08 of 2nd period - Wrist shot by Ben McCartney.
19:08 of 2nd period - Stopped by Scott Wedgewood with a rebound.
19:10 of 2nd period - Wrist shot by Tyson Foerster.
19:10 of 2nd period - Stopped by Scott Wedgewood with a rebound.
19:12 of 2nd period - Snap shot by Ben McCartney.
19:12 of 2nd period - Goal by Ben McCartney - Philadelphia Phantoms : 4 - Peoria Rivermen : 4.
19:13 of 2nd period - Blake Lizotte wins face-off versus Dakota Joshua in neutral zone.
19:26 of 2nd period - Slapshot by Dakota Joshua.
19:26 of 2nd period - Shot Misses the Net.
19:46 of 2nd period - Off-side.
19:47 of 2nd period - Jaret Anderson-Dolan wins face-off versus Jakob Pelletier in neutral zone.
19:58 of 2nd period - Wrist shot by Jakob Pelletier.
19:58 of 2nd period - Shot Misses the Net.
Goals for this period are 2 for Philadelphia Phantoms vs 3 for Peoria Rivermen.
Shots for this period are 14 for Philadelphia Phantoms vs 20 for Peoria Rivermen.
3rd period
0:01 of 3rd period - Dakota Joshua wins face-off versus Jack McBain in neutral zone.
0:26 of 3rd period - Alexander Holtz is hit by Nico Sturm.
0:35 of 3rd period - Wrist shot by Nico Sturm.
0:35 of 3rd period - Shot Blocked by Brett Murray.
0:37 of 3rd period - Wrist shot by Radim Zohorna.
0:37 of 3rd period - Shot Blocked by Brett Murray.
1:20 of 3rd period - Slapshot by Jesper Froden.
1:20 of 3rd period - Stopped by Connor Ingram with a rebound.
1:45 of 3rd period - Slapshot by Erik Gustafsson.
1:45 of 3rd period - Shot Misses the Net.
1:47 of 3rd period - Wrist shot by Jack McBain.
1:47 of 3rd period - Stopped by Scott Wedgewood with a rebound.
1:49 of 3rd period - Slapshot by Brad Hunt.
1:49 of 3rd period - Stopped by Scott Wedgewood with a rebound.
1:51 of 3rd period - Slapshot by Brad Hunt.
1:51 of 3rd period - Stopped by Scott Wedgewood without a rebound.
1:52 of 3rd period - Jaret Anderson-Dolan wins face-off versus Dakota Joshua in Peoria Rivermen zone.
1:57 of 3rd period - Snap shot by Jaret Anderson-Dolan.
1:57 of 3rd period - Stopped by Scott Wedgewood without a rebound.
1:58 of 3rd period - Dakota Joshua wins face-off versus Jaret Anderson-Dolan in Peoria Rivermen zone.
1:58 of 3rd period - Dakota Joshua is hit by Jaret Anderson-Dolan.
1:59 of 3rd period - Ryan Lomberg and Jaret Anderson-Dolan fight to a draw.
1:59 of 3rd period - Penalty to Ryan Lomberg for Fighting.
1:59 of 3rd period - Penalty to Jaret Anderson-Dolan for Fighting.
2:00 of 3rd period - Dakota Joshua wins face-off versus Blake Lizotte in Peoria Rivermen zone.
2:02 of 3rd period - Minor Penalty to Josiah Slavin for Slashing.
2:03 of 3rd period - Alexander Holtz wins face-off versus Sasha Chmelevski in Peoria Rivermen zone.
4:02 of 3rd period - Penalty to Josiah Slavin is over, Josiah Slavin is back on ice.
4:09 of 3rd period - Snap shot by Radim Zohorna.
4:09 of 3rd period - Stopped by Connor Ingram with a rebound.
5:01 of 3rd period - Jakob Pelletier is hit by Erik Gustafsson and loses puck.
5:24 of 3rd period - Nick Cousins is hit by Brandon Biro and loses puck.
5:52 of 3rd period - Zachary Jones is hit by Ben McCartney and loses puck.
6:39 of 3rd period - Tyler Pitlick is hit by Blake Lizotte and loses puck.
6:49 of 3rd period - Icing by Dakota Joshua.
6:50 of 3rd period - Radim Zohorna wins face-off versus Jack McBain in Peoria Rivermen zone.
7:13 of 3rd period - Matthew Kessel is hit by Alex Steeves and loses puck.
7:36 of 3rd period - Snap shot by Alexander Holtz.
7:36 of 3rd period - Stopped by Scott Wedgewood without a rebound.
7:37 of 3rd period - Dakota Joshua wins face-off versus Jaret Anderson-Dolan in Peoria Rivermen zone.
8:25 of 3rd period - Noah Juulsen is hit by Jesper Froden and loses puck.
8:55 of 3rd period - Wrist shot by Otto Koivula.
8:55 of 3rd period - Stopped by Scott Wedgewood with a rebound.
8:57 of 3rd period - Snap shot by Otto Koivula.
8:57 of 3rd period - Stopped by Scott Wedgewood without a rebound.
8:58 of 3rd period - Blake Lizotte wins face-off versus Nico Sturm in Peoria Rivermen zone.
9:25 of 3rd period - Off-side.
9:26 of 3rd period - Jack McBain wins face-off versus Dakota Joshua in neutral zone.
9:53 of 3rd period - Sasha Chmelevski is hit by Erik Gustafsson and loses puck.
10:37 of 3rd period - Snap shot by Otto Koivula.
10:37 of 3rd period - Shot Blocked by Jalen Chatfield.
10:39 of 3rd period - Wrist shot by Otto Koivula.
10:39 of 3rd period - Shot Misses the Net.
10:41 of 3rd period - Slapshot by Brad Hunt.
10:41 of 3rd period - Stopped by Scott Wedgewood with a rebound.
10:43 of 3rd period - Snap shot by Mason Shaw.
10:43 of 3rd period - Stopped by Scott Wedgewood with a rebound.
10:55 of 3rd period - Jack McBain is hit by Ryan Lomberg and loses puck.
12:27 of 3rd period - Snap shot by Jack McBain.
12:27 of 3rd period - Deflect By Tyson Foerster.
12:27 of 3rd period - Stopped by Scott Wedgewood with a rebound.
12:29 of 3rd period - Slapshot by Erik Gustafsson.
12:29 of 3rd period - Stopped by Scott Wedgewood without a rebound.
12:30 of 3rd period - Jakob Pelletier wins face-off versus Blake Lizotte in Peoria Rivermen zone.
13:44 of 3rd period - Wrist shot by Nathan Bastian.
13:44 of 3rd period - Stopped by Scott Wedgewood with a rebound.
14:19 of 3rd period - Minor Penalty to Connor Mackey for Hooking.
14:20 of 3rd period - Tyler Pitlick wins face-off versus Blake Lizotte in Peoria Rivermen zone.
14:49 of 3rd period - Wrist shot by Ryan Lomberg.
14:49 of 3rd period - Shot Misses the Net.
16:19 of 3rd period - Penalty to Connor Mackey is over, Connor Mackey is back on ice.
16:37 of 3rd period - Wrist shot by Jakob Pelletier.
16:37 of 3rd period - Shot Misses the Net.
16:39 of 3rd period - Snap shot by Jakob Pelletier.
16:39 of 3rd period - Shot Blocked by Erik Gustafsson.
16:41 of 3rd period - Slapshot by Zachary Jones.
16:41 of 3rd period - Stopped by Connor Ingram without a rebound.
16:42 of 3rd period - Mason Shaw wins face-off versus Jakob Pelletier in Philadelphia Phantoms zone.
16:47 of 3rd period - Jakob Pelletier is hit by Brad Hunt and loses puck.
16:58 of 3rd period - William Borgen is hit by Jakob Pelletier and loses puck.
17:25 of 3rd period - Icing by Brad Hunt.
17:26 of 3rd period - Dakota Joshua wins face-off versus Jack McBain in Philadelphia Phantoms zone.
17:27 of 3rd period - Slapshot by Ryan Lomberg.
17:27 of 3rd period - Stopped by Connor Ingram without a rebound.
17:28 of 3rd period - Dakota Joshua wins face-off versus Jack McBain in Philadelphia Phantoms zone.
17:35 of 3rd period - Slapshot by Dakota Joshua.
17:35 of 3rd period - Stopped by Connor Ingram with a rebound.
17:53 of 3rd period - Zachary Jones is hit by Mason Shaw and loses puck.
18:16 of 3rd period - Nathan Bastian is hit by Grant Mismash and loses puck.
18:30 of 3rd period - Jaret Anderson-Dolan is hit by Sasha Chmelevski and loses puck.
18:35 of 3rd period - Snap shot by Sasha Chmelevski.
18:35 of 3rd period - Shot Misses the Net.
18:37 of 3rd period - Slapshot by Nick Leddy.
18:37 of 3rd period - Shot Blocked by Brett Murray.
18:39 of 3rd period - Slapshot by Nick Leddy.
18:39 of 3rd period - Shot Misses the Net.
18:41 of 3rd period - Snap shot by Radim Zohorna.
18:41 of 3rd period - Stopped by Connor Ingram with a rebound.
19:38 of 3rd period - Wrist shot by Alex Steeves.
19:38 of 3rd period - Shot Misses the Net.
Goals for this period are 0 for Philadelphia Phantoms vs 0 for Peoria Rivermen.
Shots for this period are 12 for Philadelphia Phantoms vs 6 for Peoria Rivermen.
Overtime #1
0:01 of 1st overtime period - Blake Lizotte wins face-off versus Nico Sturm in neutral zone.
0:12 of 1st overtime period - Slapshot by Nathan Bastian.
0:12 of 1st overtime period - Stopped by Scott Wedgewood with a rebound.
0:14 of 1st overtime period - Slapshot by Noah Juulsen.
0:14 of 1st overtime period - Stopped by Scott Wedgewood with a rebound.
0:16 of 1st overtime period - Slapshot by Noah Juulsen.
0:16 of 1st overtime period - Shot Blocked by Radim Zohorna.
0:26 of 1st overtime period - Jack McBain is hit by Yegor Zamula and loses puck.
0:52 of 1st overtime period - Snap shot by Alex Steeves.
0:52 of 1st overtime period - Shot Misses the Net.
1:20 of 1st overtime period - Wrist shot by Alexander Holtz.
1:20 of 1st overtime period - Shot Misses the Net.
1:22 of 1st overtime period - Slapshot by Casey Fitzgerald.
1:22 of 1st overtime period - Shot Blocked by Jakob Pelletier.
1:45 of 1st overtime period - Minor Penalty to Jalen Chatfield for Tripping.
1:46 of 1st overtime period - Blake Lizotte wins face-off versus Tyler Pitlick in Peoria Rivermen zone.
2:18 of 1st overtime period - Wrist shot by Jaret Anderson-Dolan.
2:18 of 1st overtime period - Shot Misses the Net.
2:20 of 1st overtime period - Snap shot by Juuso Valimaki.
2:20 of 1st overtime period - Shot Blocked by Connor Mackey.
2:22 of 1st overtime period - Slapshot by Juuso Valimaki.
2:22 of 1st overtime period - Shot Blocked by Connor Mackey.
2:36 of 1st overtime period - Slapshot by Ryan Lomberg.
2:36 of 1st overtime period - Stopped by Connor Ingram with a rebound.
2:38 of 1st overtime period - Slapshot by Ryan Lomberg.
2:38 of 1st overtime period - Stopped by Connor Ingram with a rebound.
2:40 of 1st overtime period - Slapshot by Zachary Jones.
2:40 of 1st overtime period - Shot Blocked by Juuso Valimaki.
2:42 of 1st overtime period - Slapshot by Connor Mackey.
2:42 of 1st overtime period - Shot Misses the Net.
3:45 of 1st overtime period - Penalty to Jalen Chatfield is over, Jalen Chatfield is back on ice.
4:31 of 1st overtime period - Blake Lizotte is hit by Nick Leddy and loses puck.
5:42 of 1st overtime period - Otto Koivula is hit by Nick Leddy and loses puck.
5:54 of 1st overtime period - Minor Penalty to Ryan Lomberg for High sticking.
5:55 of 1st overtime period - Jaret Anderson-Dolan wins face-off versus Sasha Chmelevski in Peoria Rivermen zone.
5:57 of 1st overtime period - Wrist shot by Jaret Anderson-Dolan.
5:57 of 1st overtime period - Shot Misses the Net.
5:59 of 1st overtime period - Snap shot by Tyson Foerster.
5:59 of 1st overtime period - Stopped by Scott Wedgewood with a rebound.
6:01 of 1st overtime period - Wrist shot by Jaret Anderson-Dolan.
6:01 of 1st overtime period - Goal by Jaret Anderson-Dolan - Philadelphia Phantoms : 5 - Peoria Rivermen : 4.
Goals for this period are 1 for Philadelphia Phantoms vs 0 for Peoria Rivermen.
Shots for this period are 4 for Philadelphia Phantoms vs 2 for Peoria Rivermen.
Back to the Top